 Dungeon Crawl Stone Soup version 0.21-a0-528-gf531e82 (webtiles) character file.

49 Firecrotchwizard the Shooter (level 3, -6/30 HPs)
             Began as a Centaur Hunter on Dec 8, 2017.
             Mangled by a worm (9 damage)
             ... on level 2 of the Dungeon.
             The game lasted 00:02:44 (1324 turns).

Firecrotchwizard the Shooter (Centaur Hunter)       Turns: 1324, Time: 00:02:45

Health: -6/30      AC:  5    Str: 14    XL:     3   Next: 51%
Magic:  3/3        EV:  8    Int: 10    God:
Gold:   44         SH:  0    Dex: 10    Spells: 2/2 levels left

rFire    . . .     SeeInvis .   b - +0 spear
rCold    . . .     Gourm    .   (no shield)
rNeg     . . .     Faith    .   m - +0 ring mail
rPois    .         Spirit   .   (no helmet)
rElec    .         Reflect  .   (no cloak)
rCorr    .         Harm     .   (no gloves)
MR       .....                  (no barding)
Stlth    +.........             (no amulet)
HPRegen  0.10/turn              e - ring of stealth (curse) {Stlth+}
MPRegen  0.08/turn              (no ring)

@: lethally poisoned (-6 -> -12), very quick
A: large, hooves 3, deformed body, speed 2, tough skin 3
a: no special abilities


You were on level 2 of the Dungeon.
You were not hungry.

You visited 1 branch of the dungeon, and saw 2 of its levels.

You collected 44 gold pieces.

Inventory:

Hand Weapons
 a - a +1 shortbow
 b - a +0 spear (weapon)
   (You found it on level 1 of the Dungeon)
Missiles
 d - 51 arrows
Armour
 m - a +0 ring mail (worn)
   (You found it on level 1 of the Dungeon)
Jewellery
 e - a cursed ring of stealth (left hand) {Stlth+}
   (You found it on level 1 of the Dungeon)
Scrolls
 g - a scroll of enchant weapon {unknown}
 i - a scroll of teleportation {unknown}
 l - a scroll of remove curse {unknown}
Potions
 c - 2 potions of curing {unknown}
 j - a potion of might {unknown}
 k - a potion of invisibility {unknown}
Comestibles
 f - a bread ration {@e1}
 h - 5 chunks of flesh {@w0}


   Skills:
 + Level 2.5 Fighting
 * Level 6.2 Bows
 + Level 1.9 Dodging
 - Level 0.4 Stealth


You had 2 spell levels left.
You didn't know any spells.

Dungeon Overview and Level Annotations

Branches:
Dungeon (2/15)

Altars:


Innate Abilities, Weirdness & Mutations

You have hooves in place of feet.
Armour fits poorly on your strangely shaped body.
You cover ground very quickly.
You have extremely tough skin. (AC +3)


Message History

4 tomahawks; a robe; a hobgoblin corpse; Health restored: 30 You butcher the hobgoblin corpse.
h - 11 chunks of flesh {@w0} (gained 2)
Things that are here:
4 tomahawks; a robe You see here a ring mail.
m - a ring mail You start removing your armour.
You continue taking off your +0 leather armour. x4
You finish taking off your +0 leather armour.
You start putting on your armour.
You continue putting on your ring mail. x5
You finish putting on your +0 ring mail.
Drop what? 13/52 slots (_ for help) (? for menu, Esc to quit)
You drop a +0 leather armour.
There is an open door here.
There is an open door here.
You open the door.
There is an open door here.
You see here a club.
Done exploring.
(D) Dungeon
Where to? (? - help)
There is an open door here.
There is a stone staircase leading down here.
You climb downwards.
A giant cockroach comes into view.
Some of the chunks of flesh in your inventory have rotted away.
There is a stone staircase leading up here.
You closely miss the giant cockroach.
The giant cockroach bites you but does no damage. x2
You barely miss the giant cockroach. The giant cockroach bites you.
You take 2 damage, and have 28/30 hp.
You barely miss the giant cockroach.
The giant cockroach bites you but does no damage.
You are feeling hungry.
You hit the giant cockroach.
You kill the giant cockroach!
No target in view!
No target in view!
Autoeating chunks.
Eating one of 7 chunks of flesh {@w0}.
You eat one of the 7 chunks of flesh {@w0}.
You butcher the giant cockroach corpse.
h - 7 chunks of flesh {@w0} (gained 1)
c - 2 sedimented amethyst potions
There is a stone staircase leading up here.
A quokka comes into view.
Health restored: 30 A quokka is nearby!
A worm comes into view.
An adder comes into view.
You completely miss the quokka. You kick the quokka.
The adder hisses angrily.
The quokka bites you but does no damage.
You closely miss the quokka. The quokka bites you.
You take 2 damage, and have 28/30 hp.
You hit the quokka. The quokka closely misses you. The quokka bites you.
You take 1 damage, and have 27/30 hp.
Attack whom?
Aim: a quokka (almost dead)
You reach to attack!
You closely miss the quokka. The quokka bites you.
You take 1 damage, and have 27/30 hp.
You hit the quokka.
You kill the quokka!
Some of the chunks of flesh in your inventory have rotted away.
You completely miss the adder. The adder bites you.
You are poisoned.
The adder poisons you! The adder bites you.
You are more poisoned.
The adder poisons you!
You take 4 damage, and have 23/30 hp.
You barely miss the adder. Your kick misses the adder.
You feel sick. The adder bites you but does no damage.
You take 2 damage, and have 21/30 hp.
You barely miss the adder.
You feel sick. The adder bites you. x2
You take 7 damage, and have 14/30 hp.
MASSIVE DAMAGE!!
You miss the adder. Your kick misses the adder.
You feel sick. The adder bites you but does no damage.
You take 1 damage, and have 13/30 hp.
You hit the adder but do no damage.
You feel sick. The adder bites you but does no damage.
The adder barely misses you.
You barely miss the adder.
You feel sick. The adder bites you.
You take 3 damage, and have 10/30 hp.
You hit the adder. Your kick misses the adder. The adder bites you.
* * * LOW HITPOINT WARNING * * *
You take 4 damage, and have 6/30 hp.
You hit the adder. Your kick misses the adder.
* * * LOW HITPOINT WARNING * * *
You feel sick. The adder bites you.
* * * LOW HITPOINT WARNING * * *
The adder bites you but does no damage.
You take 2 damage, and have 4/30 hp.
You hit the adder.
You kill the adder!
* * * LOW HITPOINT WARNING * * *
You feel sick.
You take 1 damage, and have 3/30 hp.
The worm bites you!
You die...

##### #...# #...# ##
####.[.#### ######...
#.........######.......#
#.........<..@w..#....##
#.........####..........
####...#### #.##.......
#...# #.# ....... #...#
..# ##...#. ##..# #..#
...# ##.# #..# ..# #.#
#... .# #..# $#


You could see a worm.

Vanquished Creatures
  An adder (D:2)
  2 dart slugs (D:1)
  2 leopard geckos (D:1)
  5 bats (D:1)
  2 giant cockroaches
  A goblin (D:1)
  A hobgoblin (D:1)
  8 jackals (D:1)
  4 kobolds (D:1)
  A quokka (D:2)
  A frilled lizard (D:1)
  A rat (D:1)
29 creatures vanquished.

Notes
Turn   | Place    | Note
-------+----------+-------------------------------------------
     0 | D:1      | Firecrotchwizard the Centaur Hunter began the quest for the Orb.
     0 | D:1      | Reached XP level 1. HP: 17/17 MP: 1/1
   357 | D:1      | Reached XP level 2. HP: 24/24 MP: 2/2
   849 | D:1      | Reached skill level 6 in Bows
   998 | D:1      | Reached XP level 3. HP: 25/30 MP: 3/3
  1321 | D:2      | HP: 6/30 [adder (4)]
  1324 | D:2      | Mangled by a worm

Vault maps used:
D:1:      dpeg_arrival_rooms_b
D:2:      first_bread

Skill      XL: |  1  2 |
---------------+-------+-----
Bows           | 6 |  6.2
Fighting       | |  2.5
Dodging        | |  1.9
Stealth        | |  0.4

Action                   || total
-------------------------++-------
Melee: Short sword       ||    20
       Kick              ||    14
       Spear             ||    91
 Fire: Shortbow          ||     1
 Stab: Sleeping          ||     2
  Eat: Chunk             ||     1
Armor: Leather armour    ||    34
       Ring mail         ||     8
Dodge: Dodged            ||    45

Table legend:
 A = Spawn XP
 B = Non-spawn XP
 C = Spawn XP percentage of total XP
 D = Spawn monster count
 E = Non-spawn monster count
 F = Spawn count percentage of total count
 G = Total turns spent on level
                    A         B        C        D         E        F      G
               +---------+---------+-------+---------+---------+-------+---------
         Total |       0 |      70 |   0.0 |       0 |      29 |   0.0 |  1324
               +---------+---------+-------+---------+---------+-------+---------
           D:1 |       0 |      53 |   0.0 |       0 |      26 |   0.0 |  1278
           D:2 |       0 |      17 |   0.0 |       0 |       3 |   0.0 |    46
               +---------+---------+-------+---------+---------+-------+---------

Vault maps used:
D:1:      dpeg_arrival_rooms_b
D:2:      first_bread

Table legend:
 A = Turns spent in this place as a percentage of turns spent in the entire game.
 B = Non-inter-level travel turns spent in this place as a percentage of non-inter-level travel turns spent in the entire game.
 C = Inter-level travel turns spent in this place as a percentage of turns spent in this place.
 D = Turns resting spent in this place as a percentage of non-inter-level travel turns spent in this place.
 E = Turns spent auto-exploring this place as a percentage of non-inter-level travel turns spent in this place.
 F = Non-inter-level travel turns spent in this place divided by the number of levels of this place that you've seen.
                   A       B       C       D       E      F
               +-------+-------+-------+-------+-------+----------------------
         Total | 100.0 | 100.0 |   1.6 |  21.3 |  60.2 | 651.5
       Dungeon | 100.0 | 100.0 |   1.6 |  21.3 |  60.2 | 651.5
               +-------+-------+-------+-------+-------+----------------------

Table legend:
 A = Kills in this place as a percentage of kills in entire the game.
 B = Kills by you in this place as a percentage of kills by you in the entire game.
 C = Kills by friends in this place as a percentage of kills by friends in the entire game.
 D = Other kills in this place as a percentage of other kills in the entire game.
 E = Experience gained in this place as a percentage of experience gained in the entire game.
 F = Experience gained in this place divided by the number of levels of this place that you have seen.
                   A       B       C       D       E      F
               +-------+-------+-------+-------+-------+----------------------
         Total | 100.0 | 100.0 |   N/A |   N/A | 100.0 |  35.0
       Dungeon | 100.0 | 100.0 |   N/A |   N/A | 100.0 |  35.0
               +-------+-------+-------+-------+-------+----------------------
